 Dungeon Crawl Stone Soup version 0.29-a0-284-gf9362112df (webtiles) character file.

Game seed: 16057175510383197352

322 siradein the Bolt Thrower (level 6, -6/52 HPs)
             Began as a Ghoul Hunter on Mar 15, 2022.
             Mangled by Edmund
             ... wielding a +1 antimagic flail
              (10 damage)
             ... on level 5 of the Dungeon.
             The game lasted 00:13:01 (4481 turns).

siradein the Bolt Thrower (Ghoul Hunter)            Turns: 4481, Time: 00:13:02

Health: -6/52      AC:  7    Str: 21    XL:     6   Next: 47%
Magic:  0/5        EV: 11    Int:  4    God:
Gold:   231        SH:  5    Dex: 14    Spells: 5/5 levels left

rFire   . . .      SeeInvis .   a - +1 hand crossbow
rCold   + . .      Faith    .   v - +2 buckler
rNeg    + + +      Spirit   .   n - +0 ring mail
rPois   ∞          Reflect  .   (no helmet)
rElec   .          Harm     .   (no cloak)
rCorr   .          Rampage  .   o - +1 pair of gloves {hurl}
Will    +....                   (no boots)
Stlth   +.........              (no amulet)
HPRegen 0.00/turn               e - ring of willpower
MPRegen 0.09/turn               l - +6 ring of strength

@: inhibited regen
A: claws 1, cold resistance 1, negative energy resistance 3, inhibited
regeneration, torment resistance 2
a: no special abilities


You were on level 5 of the Dungeon.
You visited 1 branch of the dungeon, and saw 5 of its levels.

You collected 231 gold pieces.

Inventory:

Hand Weapons
 a - a +1 hand crossbow (weapon)
Armour
 n - a +0 ring mail (worn)
 o - a +1 pair of gloves of hurling (worn)
 v - a +2 buckler (worn)
Jewellery
 e - a ring of willpower (left hand)
 l - a +6 ring of strength (right hand)
Wands
 p - a wand of digging (4)
 u - a wand of iceblast (13)
Scrolls
 c - 3 scrolls of immolation
 d - 5 scrolls of identify {unknown}
 g - a scroll of magic mapping {unknown}
 i - 3 scrolls of teleportation {unknown}
 j - a scroll of vulnerability {unknown}
 k - a scroll of noise {unknown}
 q - 2 scrolls of fear {unknown}
 s - a scroll of blinking {unknown}
Potions
 b - a potion of magic {unknown}
 f - 2 potions of degeneration {unknown}
 h - 2 potions of heal wounds {unknown}
 m - a potion of cancellation {unknown}
 t - a potion of berserk rage {unknown}
 w - 2 potions of mutation {unknown}


   Skills:
 + Level 4.0 Fighting
 + Level 4.6 Crossbows
 + Level 2.6 Armour
 + Level 3.3 Dodging
 - Level 1.1 Stealth


You had 5 spell levels left.
You didn't know any spells.
Your spell library was empty.

Dungeon Overview and Level Annotations

Branches:
Dungeon (5/15)             Temple (0/1) D:5

Altars:
Hepliaklqana
Ru
Uskayaw

Annotations:
D:5 Edmund


Innate Abilities, Weirdness & Mutations

You thrive by killing the living.
You are immune to poison.
You have sharp fingernails.
Your flesh is cold resistant. (rC+)
You are immune to negative energy. (rN+++)
You do not regenerate when monsters are visible.
You are immune to unholy pain and torment.


Message History

You shoot a bolt.
The bolt hits Edmund but does no damage.
Edmund is heavily wounded.
Edmund hits you but does no damage.
Edmund hits you with a +1 antimagic flail.
Shoot: a) +1 hand crossbow
Press: ? - help, Q - select action, (/) - cycle Shift-Dir - straight line, f/p - Edmund
Aim: Edmund, wielding a +1 antimagic flail and wearing a +0 chain mail of fire resistance (heavily wounded, 72% to hit)
You shoot a bolt.
The bolt hits Edmund but does no damage.
Edmund is heavily wounded.
Edmund hits you but does no damage.
Shoot: a) +1 hand crossbow
Press: ? - help, Q - select action, (/) - cycle Shift-Dir - straight line, f/p - Edmund
Aim: Edmund, wielding a +1 antimagic flail and wearing a +0 chain mail of fire resistance (heavily wounded, 72% to hit)
You shoot a bolt. The bolt completely misses Edmund.
Edmund hits you with a +1 antimagic flail.
* * * LOW HITPOINT WARNING * * *
You feel your power leaking away.
Edmund hits you with a +1 antimagic flail.
* * * LOW HITPOINT WARNING * * *
Shoot: a) +1 hand crossbow
Press: ? - help, Q - select action, (/) - cycle Shift-Dir - straight line, f/p - Edmund
Aim: Edmund, wielding a +1 antimagic flail and wearing a +0 chain mail of fire resistance (heavily wounded, 72% to hit)
You shoot a bolt. The bolt closely misses Edmund.
Edmund hits you with a +1 antimagic flail!
* * * LOW HITPOINT WARNING * * *
Shoot: a) +1 hand crossbow
Press: ? - help, Q - select action, (/) - cycle Shift-Dir - straight line, f/p - Edmund
Aim: Edmund, wielding a +1 antimagic flail and wearing a +0 chain mail of fire resistance (heavily wounded, 72% to hit)
You shoot a bolt.
The bolt hits Edmund but does no damage.
Edmund is heavily wounded.
Edmund hits you but does no damage.
Shoot: a) +1 hand crossbow
Press: ? - help, Q - select action, (/) - cycle Shift-Dir - straight line, f/p - Edmund
Aim: Edmund, wielding a +1 antimagic flail and wearing a +0 chain mail of fire resistance (heavily wounded, 72% to hit)
You shoot a bolt. The bolt barely misses Edmund.
Edmund hits you with a +1 antimagic flail!
You die...

.............##.##
.............#....
............#...##
..#.....##..##
##.#####..###
##.####..##.. #
#............
#.######.#.#...####.
#..@@........### #.
######.##....# #≈
###..##o.### #§
##...###....# #§
###.@###...##.....
#. #...####.###
..... ..
###....#.### ....
#..>.....# ...
#.######........


You could see Edmund.

Vanquished Creatures
  A phantom (D:4)
  A necrophage (D:4)
  A jelly (D:5)
  An iguana (D:4)
  5 adders
  An ufetubus (D:4)
  A worm (D:2)
  2 dart slugs
  7 orcs
  2 ball pythons
  10 bats
  7 endoplasms
  3 giant cockroaches
  5 goblins
  7 hobgoblins
  4 kobolds
  5 quokkas
  3 frilled lizards
  3 rats
69 creatures vanquished.

Vanquished Creatures (others)
  A plant (D:1)
1 creature vanquished.

Grand Total: 70 creatures vanquished

Notes
Turn   | Place    | Note
-------+----------+-------------------------------------------
     0 | D:1      | siradein the Ghoul Hunter began the quest for the Orb.
     0 | D:1      | Reached XP level 1. HP: 17/17 MP: 0/0
    44 | D:1      | Found a faded altar of an unknown god.
    96 | D:1      | Reached XP level 2. HP: 25/25 MP: 1/1
  1104 | D:2      | Reached skill level 1 in Armour
  1104 | D:2      | Reached XP level 3. HP: 23/30 MP: 2/2
  2327 | D:3      | Found a sacrificial altar of Ru.
  2403 | D:3      | Identified the +1 dagger "Henlikhi" {chaos, rC+}
  2570 | D:3      | Found a hide-covered altar of Uskayaw.
  2788 | D:3      | Reached XP level 4. HP: 38/38 MP: 3/3
  3067 | D:4      | Noticed a necrophage
  3083 | D:4      | Killed a necrophage
  3084 | D:4      | Reached XP level 5. HP: 28/45 MP: 4/4
  3415 | D:4      | Noticed a phantom
  3429 | D:4      | Killed a phantom
  3566 | D:4      | Reached XP level 6. HP: 50/52 MP: 5/5
  4093 | D:4      | Found a hazy altar of Hepliaklqana.
  4241 | D:5      | Entered Level 5 of the Dungeon
  4241 | D:5      | Noticed an ice beast
  4241 | D:5      | Found a staircase to the Ecumenical Temple.
  4430 | D:5      | Noticed Edmund
  4481 | D:5      | Mangled by Edmund

Illustrated notes

Levels and vault maps discovered:
D:1:      dpeg_arrival_signposts, layout_basic, serial_bayou,
          serial_bayou_pond_e, serial_bayou_pond_d, serial_bayou_pond_e,
          serial_bayou_lagoon_b, serial_bayou_lagoon_a,
          hellmonk_ecumenical_altar_blasted
D:2:      layout_basic
D:3:      layout_basic, lemuel_round_altar, mainiacjoe_overflow_alcove_1
D:4:      nicolae_cairo_tiling_large_dashed, layout_basic,
          nicolae_hepliaklqana_hippocampus
D:5:      layout_rooms, gammafunk_temple_overflow_statue,
          minmay_temple_entry_mist, minmay_small_thing, uniq_edmund

Skill      XL: |  1  2  3  4  5  6 |
---------------+-------------------+-----
Dodging        | 2 3 |  3.3
Armour         | 1 2 |  2.6
Crossbows      | 4 |  4.6
Fighting       | 3 4 |  4.0
Stealth        | |  1.1

Action                   |  1- 3 |  4- 6 || total
-------------------------+-------+-------++-------
 Fire: Hand crossbow     |   133 |   155 ||   288
Throw: Dart              |       |     2 ||     2
Armor: Leather armour    |    13 |       ||    13
       Ring mail         |    10 |    35 ||    45
Dodge: Dodged            |    45 |    55 ||   100
Block: Buckler           |       |    32 ||    32

Table legend: (Time is in decaauts)
 A = Elapsed time spent in this place.
 B = Non-inter-level travel time spent in this place.
 C = Inter-level travel time spent in this place.
 D = Time resting spent in this place.
 E = Time spent auto-exploring this place.
 F = Levels seen in this place.
 G = Mean time per level.
                   A        B        C        D        E       F      G
               +--------+--------+--------+--------+--------+-----+--------+
         Total |   4613 |   4271 |    342 |    100 |   3365 |   5 |  922.6 |
       Dungeon |   4613 |   4271 |    342 |    100 |   3365 |   5 |  922.6 |
               +--------+--------+--------+--------+--------+-----+--------+

Top non-repeatable levels by time:
     D:4: 1454 daAuts
     D:2: 1362 daAuts
     D:1: 953 daAuts
     D:3: 738 daAuts
     D:5: 104 daAuts
